 Dungeon Crawl Stone Soup version 0.28-a0-1080-g05a166d0ed (webtiles) character file.

Game seed: 6547424572420138919

1746 ytrimaz the Insei (level 9, -4/58 HPs)
             Began as an Octopode Transmuter on Dec 10, 2021.
             Slain by a gnoll (16 damage)
             ... on level 7 of the Dungeon.
             The game lasted 00:10:50 (9025 turns).

ytrimaz the Insei (Octopode Transmuter)             Turns: 9025, Time: 00:10:51

Health: -4/58      AC:  2    Str:  9    XL:     9   Next: 6%
Magic:  23/26      EV: 19    Int: 19    God:
Gold:   254        SH:  0    Dex: 18    Spells: 13/19 levels left

rFire   . . .      SeeInvis .     - Unarmed
rCold   . . .      Faith    .   (shield currently unavailable)
rNeg    . . .      Spirit   .   (helmet currently unavailable)
rPois   x          Reflect  .   (no amulet)
rElec   .          Harm     .   f - ring of magical power
rCorr   .          Rampage  .   d - ring of willpower
Will    +....                   (no ring)
Stlth   ++........              (no ring)
HPRegen 0.19/turn               (no ring)
MPRegen 0.20/turn               (no ring)
                                (no ring)
                                (no ring)

@: spider-form (expiring), wereblooded
A: venomous fangs, almost no armour, (amphibious), 8 rings, tiny, (camouflage
1), (gelatinous body 1), (nimble swimmer 1), (tentacles)
a: End Transformation


You were on level 7 of the Dungeon.
You were a venomous arachnid creature.
You visited 1 branch of the dungeon, and saw 7 of its levels.

You collected 345 gold pieces.
You spent 91 gold pieces at shops.

Inventory:

Jewellery
 d - a ring of willpower (right front leg)
 f - a ring of magical power (left front leg)
Wands
 r - a wand of flame (21)
 s - a wand of paralysis (10)
Scrolls
 a - 2 scrolls of teleportation
 b - a scroll of enchant armour
 c - 2 scrolls of torment
 j - a scroll of magic mapping
 o - a scroll of fear
 p - a scroll of enchant weapon
Potions
 e - a potion of flight
 g - a potion of resistance
 h - a potion of attraction
 i - 2 potions of haste
 k - a potion of magic
 l - a potion of invisibility
 m - a potion of curing
 n - a potion of might
 q - a potion of mutation {unknown}


   Skills:
 * Level 4.2 Fighting
 - Level 2.0 Dodging
 + Level 7.1 Unarmed Combat
 * Level 5.7 Spellcasting
 * Level 6.0 Transmutations


You had 13 spell levels left.
You knew the following spells:

 Your Spells              Type           Power      Damage    Failure   Level
a - Beastly Appendage     Tmut           56%        N/A       4%          1
b - Spider Form           Tmut/Pois      17%        N/A       24%         3
c - Wereblood             Tmut           28%        N/A       6%          2

Your spell library contained the following spells:

 Spells                   Type           Power      Damage    Failure   Level
 Ignite Poison            Fire/Tmut/Pois 13%        N/A       34%         3
 Ice Form                 Ice/Tmut       17%        N/A       54%         4
 Mephitic Cloud           Conj/Pois/Air  5%         N/A       56%         3
 Freezing Cloud           Conj/Ice/Air   2%         6-21      99%         5


Dungeon Overview and Level Annotations

Branches:
Dungeon (7/15)
 Temple: D:4-7

Altars:
Zin

Shops:
D:2 [   D:4 *

Annotations:
D:4 1 runed translucent door, ytrimaz's ghost, amateur OpTm
D:7 exclusion: centaur


Innate Abilities, Weirdness & Mutations

You are a venomous arachnid creature.
You have poisonous fangs.
You are tiny and dextrous.
Your spellcasting is less reliable in this form.
Your armour is entirely melded.
You are incapable of wielding weapons or throwing items.
You cannot wear most types of armour.
((You are amphibious.))
You can wear up to eight rings at the same time.
((Your skin changes colour to match your surroundings (Stealth+).))
((Your rubbery body absorbs attacks. (AC +1, EV +1)))
((You are camouflaged near water. (Stealth+)))
((You have tentacles for arms and can constrict up to eight enemies at once.))


Message History

There are monsters nearby!
There are monsters nearby!
Unknown command.
Press: ? - help, v - describe, . - travel The floor.
Casting: Spider Form (dangerous; 10% risk of failure)
Confirm with . or Enter, or press ? or * to list all spells.
Your blood is infused with primal strength.
Casting: Wereblood (safe; 1% risk of failure)
Confirm with . or Enter, or press ? or * to list all spells.
You turn into a venomous arachnid creature.
The gnoll sergeant hits you from afar with a +0 trident.
A gnoll comes into view. It is wielding a +0 whip.
Unknown command.
Your transformation is almost over.
The gnoll hits you with a +0 flail.
You hit the gnoll.
The gnoll is poisoned.
The gnoll is moderately wounded.
The gnoll barely misses you.
Unknown command.
You bite the gnoll!
You feel a bit better.
You kill the gnoll!
The gnoll sergeant hits you from afar with a +0 trident!
Unknown command.
The gnoll closely misses you.
The gnoll sergeant hits you with a +0 trident.
The gnoll closely misses you.
Things that are here:
a +0 flail; a gnoll corpse Unknown command.
You completely miss the gnoll sergeant.
The gnoll hits you from afar with a +0 halberd!
Unknown command.
You bite the gnoll sergeant!
The gnoll sergeant is poisoned.
The gnoll sergeant is moderately wounded.
The gnoll sergeant hits you with a +0 trident!
* * * LOW HITPOINT WARNING * * *
The gnoll barely misses you.
The gnoll hits you from afar with a +0 halberd!
You die...

. ≈≈≈≈≈≈ ..# ≈≈≈≈≈≈
#...## c≈≈≈≈≈ #...###
.≈c≈≈≈ #...###
.≈≈≈≈≈##########sgg#
≈≈≈≈≈≈..........##g.....g
≈≈≈≈≈≈...........##......
≈≈≈≈≈≈......<...## ##....
≈≈≈≈≈≈..........# ...
≈≈≈≈≈≈.........## #.
###...........##
#..........##
####.....###


You could see a gnoll sergeant (very poisoned) and 2 gnolls.

Vanquished Creatures
  Sigmund (D:6)
  A black bear (D:6)
  A necrophage (D:6)
  3 ice beasts (D:5)
  3 ogres
  A phantom (D:4)
  2 scorpions
  2 centaur zombies
  A jelly (D:5)
  A bullfrog skeleton (D:5)
  3 orc priests
  3 hounds
  A centaur skeleton (D:6)
  4 iguanas
  2 orc wizards
  A killer bee zombie (D:6)
  2 gnolls
  6 adders
  A white imp (D:5)
  A worm (D:2)
  4 dart slugs
  13 orcs
  5 endoplasms
  3 giant cockroaches
  7 goblins
  5 hobgoblins
  8 jackals
  A quokka (D:2)
  9 ball pythons
  8 bats
  6 frilled lizards
  11 kobolds
  10 rats
130 creatures vanquished.

Vanquished Creatures (others)
  A plant (D:6)
  2 withered plants (D:4)
3 creatures vanquished.

Grand Total: 133 creatures vanquished

Notes
Turn   | Place    | Note
-------+----------+-------------------------------------------
     0 | D:1      | ytrimaz the Octopode Transmuter began the quest for the
                  | Orb.
     0 | D:1      | Reached XP level 1. HP: 13/13 MP: 3/3
   244 | D:1      | Reached XP level 2. HP: 12/18 MP: 5/5
   749 | D:2      | Found Ekev's Antique Armour Emporium.
   758 | D:2      | Reached XP level 3. HP: 22/23 MP: 6/6
  1341 | D:2      | Learned a level 3 spell: Spider Form
  1344 | D:2      | Learned a level 2 spell: Wereblood
  1373 | D:1      | Reached XP level 4. HP: 29/29 MP: 7/7
  2243 | D:2      | Noticed a great orb of eyes
  2247 | D:2      | Noticed a floating eye
  2249 | D:2      | Found a faded altar of an unknown god.
  2274 | D:2      | Reached skill level 4 in Unarmed Combat
  2299 | D:1      | Reached XP level 5. HP: 11/34 MP: 9/9
  2689 | D:2      | Noticed a golden eye
  2692 | D:2      | Noticed a great orb of eyes
  4014 | D:4      | Noticed ytrimaz's ghost (amateur OpTm)
  4014 | D:4      | Found a runed translucent door.
  4029 | D:4      | Reached XP level 6. HP: 26/39 MP: 10/10
  4448 | D:4      | Found a glowing silver altar of Zin.
  5366 | D:4      | Found Semem's General Store.
  5369 | D:4      | Bought a scroll of identify for 26 gold pieces
  5369 | D:4      | Bought a scroll of identify for 26 gold pieces
  5369 | D:4      | Bought a potion of curing for 39 gold pieces
  5554 | D:5      | Entered Level 5 of the Dungeon
  5836 | D:5      | Reached XP level 7. HP: 43/45 MP: 12/12
  5899 | D:5      | Reached skill level 5 in Unarmed Combat
  6663 | D:5      | Reached skill level 5 in Transmutations
  6663 | D:5      | Reached XP level 8. HP: 39/52 MP: 14/14
  7173 | D:5      | Reached skill level 6 in Unarmed Combat
  7173 | D:5      | Reached skill level 5 in Spellcasting
  7722 | D:6      | Noticed Sigmund
  8434 | D:6      | Killed Sigmund
  8753 | D:6      | Reached skill level 7 in Unarmed Combat
  8753 | D:6      | Reached XP level 9. HP: 57/58 MP: 17/17
  9025 | D:7      | Slain by a gnoll

Illustrated notes

Levels and vault maps discovered:
D:1:      wheals_arrival_linesprint, layout_basic, feat_on_display
D:2:      cheibrodos_pilgrimage, layout_rooms,
          hellmonk_ecumenical_altar_watching_god, serial_shops,
          nicolae_diamond_shop, minmay_divided_ellipse
D:3:      layout_basic
D:4:      layout_basic, mainiacjoe_overflow_alcove_2, gammafunk_ghost_grave,
          serial_shops, nicolae_shop_trees
D:5:      layout_loops_ring, minmay_misc_feat_ornament, minmay_misc_feat_tower
D:6:      layout_basic, serial_bayou_lagoon_a, uniq_sigmund
D:7:      nicolae_whirlpool, layout_cave_pods, minmay_temple_entry_sparse_star,
          kennysheep_generic_room_15

Skill      XL: |  1  2  3  4  5  6  7  8 |
---------------+-------------------------+-----
Unarmed Combat | 4 5 7 |  7.1
Transmutations | 3 4 5 6 |  6.0
Fighting       | 2 3 4 |  4.2
Spellcasting   | 3 4 5 |  5.7
Dodging        | |  2.0

Action                   |  1- 3 |  4- 6 |  7- 9 || total
-------------------------+-------+-------+-------++-------
Melee: Unarmed           |    71 |   183 |   149 ||   403
       Constrict         |    17 |    41 |     9 ||    67
       Tentacles         |    10 |    25 |     9 ||    44
       Punch             |     2 |     4 |     4 ||    10
       Kick              |     4 |    33 |    10 ||    47
 Cast: Beastly Appendage |     9 |    29 |     5 ||    43
       Spider Form       |       |     3 |    12 ||    15
       Wereblood         |       |     1 |     4 ||     5
  Use: Scroll            |     2 |    15 |     2 ||    19
       Potion            |       |     6 |       ||     6
 Stab: Sleeping          |     5 |    10 |     2 ||    17
       Invisible         |       |     4 |       ||     4
Armor: Skin              |     6 |     6 |     7 ||    19
Dodge: Dodged            |    51 |   112 |   118 ||   281

Table legend: (Time is in decaauts)
 A = Elapsed time spent in this place.
 B = Non-inter-level travel time spent in this place.
 C = Inter-level travel time spent in this place.
 D = Time resting spent in this place.
 E = Time spent auto-exploring this place.
 F = Levels seen in this place.
 G = Mean time per level.
                   A        B        C        D        E       F      G
               +--------+--------+--------+--------+--------+-----+--------+
         Total |   8990 |   8867 |    123 |   1873 |   5647 |   7 | 1284.3 |
       Dungeon |   8990 |   8867 |    123 |   1873 |   5647 |   7 | 1284.3 |
               +--------+--------+--------+--------+--------+-----+--------+

Top non-repeatable levels by time:
     D:5: 2158 daAuts
     D:2: 1606 daAuts
     D:1: 1590 daAuts
     D:4: 1536 daAuts
     D:6: 1180 daAuts
     D:3: 803 daAuts
     D:7: 114 daAuts
